Cogmind - Beta 13 @@@ ROGUE MODE // 2024.04.09 @ 23:23:23 Player: gabr Result: Destroyed by B-75 Beast with Magnetic Acceleration Cannon Performance ------------- Evolutions (4) 2000 Regions Visited (10) 2000 Robots Destroyed (123) 615 Value Destroyed (4508) 4508 Prototype IDs (5) 100 Alien Tech Used (0) 0 Bonus (2134) 2134 TOTAL SCORE: 11357 Bonus ------- Pacifist 200 High Alert Combat Kills 764 Follower Combat Kills 202 Entered Garrisons 200 Used RIF Installer 500 Entered DSFs 500 Friendly Fire -232 Cogmind --------- Core Integrity 0/850 Matter 204/300 Energy 98/100 System Corruption 4% Temperature Danger (478) Movement Core (50) Location -6/Extension Parts ------- > --- POWER (1) -------- (None) > --- PROPULSION (5) --- (None) > --- UTILITY (5) ------ (None) > --- WEAPON (4) ------- (None) > --- INVENTORY (5) ---- Hardened Heavy Armor Plating Hardened Heavy Armor Plating Improved Light Armor Plating Peak State ------------ > --- POWER ------------ Light Fission Core > --- PROPULSION ------- Armored Treads Armored Treads Advanced Treads Advanced Treads Medium Treads > --- UTILITY ---------- Advanced Heat Sink Huge Storage Unit Advanced Targeting Computer Matter Filter Hardened Medium Armor Plating > --- WEAPON ----------- Heavy Laser Gatling Laser Coil Gun Heavy Machine Gun > --- INVENTORY -------- Nuclear Core Light Angular Momentum Engine Advanced Treads Medium Treads Flexi-carbon Leg Flexi-carbon Leg Matter Compressor Gravity Neutralizer Seismic Detector Recoil Stabilizer Improved Particle Charger Hardened Heavy Armor Plating Hardened Heavy Armor Plating Hardened Heavy Armor Plating Improved Light Armor Plating Improved Light Armor Plating Improved Light Armor Plating Reflective Plating Remote Shield Phase Cannon Phase Cannon Phase Cannon [Rating: 65] Favorites ----------- Power Neutrino Core Engine Ion Engine Power Core Neutrino Core Propulsion Advanced Treads Treads Advanced Treads Utility Advanced Targeting Computer Device Recoil Stabilizer Storage Huge Storage Unit Processor Advanced Targeting Computer Hackware Hacking Suite Protection Hardened Medium Armor Plating Weapon Minigun Energy Gun Gatling Laser Energy Cannon Proton Cannon Ballistic Gun Minigun Ballistic Cannon Flak Cannon Launcher Rocket Launcher Build | -11 -10 -10 -9 -8 -8 -8 -7 -7 -6 -6 ------- Run | Yrd Mat Min Mat Mat Gar Mat Fac DSF Fac Ext Slots Evolved 8 | . . . 2 2 . . 2 . 2 . Power . | . . . . . . . . . . . Propulsion 3 | . . . 2 . . . 1 . . . Utility 3 | . . . . 1 . . 1 . 1 . Weapon 2 | . . . . 1 . . . . 1 . Parts Attached 100 | 6 . 1 9 10 4 26 3 6 30 5 Power 15 | 1 . . . 3 1 5 . 1 4 . Engine 7 | 1 . . . 3 . 2 . . 1 . Core 8 | . . . . . 1 3 . 1 3 . Reactor . | . . . . . . . . . . . Propulsion 32 | 2 . . 5 1 2 6 2 5 7 2 Treads 32 | 2 . . 5 1 2 6 2 5 7 2 Leg . | . . . . . . . . . . . Wheel . | . . . . . . . . . . . Hover . | . . . . . . . . . . . Flight . | . . . . . . . . . . . Utility 21 | 1 . 1 1 2 . 4 1 . 9 2 Device 8 | . . . . . . . . . 7 1 Storage 4 | 1 . . 1 . . 1 . . 1 . Processor 2 | . . . . 1 . . 1 . . . Hackware 1 | . . . . 1 . . . . . . Protection 6 | . . 1 . . . 3 . . 1 1 Artifact . | . . . . . . . . . . . Weapon 32 | 2 . . 3 4 1 11 . . 10 1 Energy Gun 3 | 1 . . . . . . . . 2 . Energy Cannon 3 | . . . . . . . . . 2 1 Ballistic Gun 21 | 1 . . 3 4 1 8 . . 4 . Ballistic Cannon 1 | . . . . . . . . . 1 . Launcher 4 | . . . . . . 3 . . 1 . Special Weapon . | . . . . . . . . . . . Impact Weapon . | . . . . . . . . . . . Slashing Weapon . | . . . . . . . . . . . Piercing Weapon . | . . . . . . . . . . . Special Melee Weapon . | . . . . . . . . . . . Unidentified Prototypes 5 | . . . 1 2 . 1 . . 1 . Parts Lost 44 | . . 1 . . . 11 . 9 12 11 Power 4 | . . . . . . 2 . 1 1 . Propulsion 13 | . . . . . . 2 . 3 4 4 Utility 9 | . . . . . . 2 . 2 1 4 Weapon 18 | . . 1 . . . 5 . 3 6 3 Highest Loss Streak 11 | . . 1 . . . 3 . 9 4 11 To Critical Strikes . | . . . . . . . . . . . Average Slot Usage (%) 87 | . 85 83 87 99 84 84 92 81 89 92 Engine 3 | . 14 14 11 9 1 2 7 3 . . Core 4 | . . . . . 7 6 . 2 5 5 Treads 27 | . 28 28 32 36 21 22 30 31 32 30 Device 4 | . . . . . . . . . 13 13 Storage 9 | . 14 14 11 9 9 9 7 7 8 5 Processor 6 | . . . . 3 9 9 15 15 6 5 Hackware 3 | . . . . 9 9 4 . . . . Protection 4 | . . 9 11 4 . 4 7 6 2 5 Energy Gun 2 | . 14 14 . . . . . . 4 11 Ballistic Gun 18 | . 14 2 21 26 27 26 7 4 4 11 Naked Turns 7 | . . . . . . . . . . 7 Heaviest Build 124 | 14 14 16 35 41 46 108 108 108 119 124 Greatest Support 150 | 40 40 40 92 92 150 150 143 143 112 112 Greatest Overweight (x) 1 | . . . . . . 1 . 1 1 1 Average Overweight (x) . | . . . . . . . . . . . Largest Inventory Capacity 25 | 8 8 8 15 15 15 25 25 25 25 25 Average Capacity 20 | 7 8 8 12 15 15 23 25 25 25 24 Most Carried 25 | . . 1 13 15 15 25 21 25 25 25 Average Carried 15 | . . . 7 13 14 20 19 20 16 23 Final Capacity 25 | 8 8 8 15 15 15 25 25 25 25 5 Final Carried 25 | . . . 13 15 15 22 19 18 25 5 Class Distribution -------------------- 64% | Gunner 27% | Mutant 6% | Scavenger-Gunner Dominant Class ---------------- Mutant | -10/Materials Mutant | -10/Mines Mutant | -9/Materials Gunner | -8/Materials Gunner | -8/Garrison Gunner | -8/Materials Gunner | -7/Factory Mutant | -7/DSF Gunner | -6/Factory Gunner | -6/Extension Resources | -11 -10 -10 -9 -8 -8 -8 -7 -7 -6 -6 ----------- Run | Yrd Mat Min Mat Mat Gar Mat Fac DSF Fac Ext Matter Collected 4391 | 260 . . 394 393 189 2020 . 108 1026 1 Remotely . | . . . . . . . . . . . Salvage Created 5403 | . . . 511 646 184 2972 . . 977 113 Parts 301 | . . . 26 39 10 178 . . 46 2 Haulers Intercepted 9 | . . . 2 1 1 4 . . 1 . Recyclers Shooed 2 | . . . 1 . . . . . 1 . Parts Field Recycled . | . . . . . . . . . . . Retrieved Matter . | . . . . . . . . . . . Parts Self-Destructed . | . . . . . . . . . . . Prevented . | . . . . . . . . . . . Kills | -11 -10 -10 -9 -8 -8 -8 -7 -7 -6 -6 ------- Run | Yrd Mat Min Mat Mat Gar Mat Fac DSF Fac Ext Combat Hostiles Destroyed 79 | . . . 3 14 1 46 . . 13 2 Melee 1 | . . . . . . . . . 1 . Guns 73 | . . . 3 14 1 44 . . 10 1 Cannons 1 | . . . . . . . . . 1 . AOE 2 | . . . . . . 2 . . . . Classes Destroyed 15 | . . . 6 3 1 5 . . . . Worker 16 | . . . 4 . . 5 . . 7 . Builder 4 | . . . . . . 3 . . 1 . Tunneler 3 | . . . . . . 3 . . . . Hauler 9 | . . . 2 1 1 4 . . 1 . Recycler 3 | . . . 1 . . 1 . . 1 . Watcher 7 | . . . 3 . . 3 . . 1 . Swarmer 5 | . . . . 3 . 2 . . . . Grunt 41 | . . . 1 5 . 25 . . 8 2 Brawler 4 | . . . . 1 . 3 . . . . Duelist 4 | . . . . 1 . 3 . . . . Protector 3 | . . . . . . 3 . . . . Sentry 14 | . . . 2 4 . 8 . . . . Hunter 4 | . . . . . . 2 . . 2 . Programmer 3 | . . . . . 1 . . . 2 . Heavy 2 | . . . . . . 1 . . 1 . Thug 1 | . . . 1 . . . . . . . Best Kill Streak 8 | . . . 3 6 1 8 . . 3 2 Combat Bots Only 7 | . . . 2 6 1 7 . . 3 2 Max Kills in Single Turn 2 | . . . 2 1 1 2 . . 1 1 Gunslinging 1 | . . . 1 . . . . . . . Exploded 1 | . . . . . . 1 . . . . Melee 1 | . . . . . . . . . 1 . Uniques/NPCs Destroyed . | . . . . . . . . . . . Combat | -11 -10 -10 -9 -8 -8 -8 -7 -7 -6 -6 -------- Run | Yrd Mat Min Mat Mat Gar Mat Fac DSF Fac Ext Hostile Shots Fired 770 | . 29 . 34 34 16 185 . 157 151 164 Missed 233 | . 11 . 10 10 9 45 . 62 38 48 Damage Taken 10291 | . 148 95 354 381 169 2848 . 1623 2556 2117 Core 1418 | . 36 19 54 17 26 311 . 81 311 563 Absorbed by Shields . | . . . . . . . . . . . Ignored by Resistances 40 | . . . 28 12 . . . . . . Regen/Repaired (Parts) 683 | . . . . . . 683 . . . . Core Remaining (%) 77 | 100 . 78 86 . . 35 . 88 . . Volleys Fired 311 | . . . 41 30 17 139 . . 68 16 Largest 4 | . . . 2 3 3 3 . . 4 4 Hottest 264 | . . . 46 75 85 91 . . 217 264 Shots Fired 791 | . . . 82 90 51 415 . . 125 28 Gun 732 | . . . 82 90 51 402 . . 83 24 Cannon 40 | . . . . . . . . . 36 4 Launcher 19 | . . . . . . 13 . . 6 . Special . | . . . . . . . . . . . Kinetic 686 | . . . 82 90 51 402 . . 45 16 Thermal 81 | . . . . . . . . . 69 12 Explosive 19 | . . . . . . 13 . . 6 . Electromagnetic 5 | . . . . . . . . . 5 . Robot Hit Streak 23 | . . . 9 14 12 23 . . 22 4 Robot Miss Streak 6 | . . . 2 3 1 6 . . 5 6 Penetration Max 2 | . . . . . . 2 . . . . Secondary Targets 8 | . . . 1 1 . 5 . . 1 . Max Gunslinging Chain 1 | . . . 1 1 . 1 . . 1 . Shots Hit Robots 525 | . . . 56 65 23 269 . . 97 15 Core Hits 279 | . . . 23 27 8 137 . . 77 7 Critical Kills 8 | . . . 1 1 . 5 . . . 1 Critical Parts Destroyed 10 | . . . . . . 10 . . . . Critical Strikes 22 | . . . 1 2 . 17 . . 1 1 Burn 1 | . . . . . . . . . 1 . Meltdown 1 | . . . . . . . . . . 1 Destroy 20 | . . . 1 2 . 17 . . . . Melee Attacks . | . . . . . . . . . . . Impact . | . . . . . . . . . . . Slashing . | . . . . . . . . . . . Piercing . | . . . . . . . . . . . Sneak Attacks . | . . . . . . . . . . . Combat Hostiles . | . . . . . . . . . . . Follow-up Attacks . | . . . . . . . . . . . Damage Inflicted 10556 | . . . 893 1081 407 4932 . . 2753 490 Guns 8920 | . . . 858 1080 407 4541 . . 1641 393 Cannons 765 | . . . . . . . . . 673 92 Explosions 707 | . . . . . . 318 . . 389 . Melee . | . . . . . . . . . . . Ramming 164 | . . . 35 1 . 73 . . 50 5 Kinetic 7943 | . . . 858 1080 407 4541 . . 792 265 Thermal 1890 | . . . . . . . . . 1670 220 Explosive 508 | . . . . . . 318 . . 190 . Electromagnetic 51 | . . . . . . . . . 51 . Impact . | . . . . . . . . . . . Slashing . | . . . . . . . . . . . Piercing . | . . . . . . . . . . . Highest Corruption 4 | . . . 2 . . 3 . . 4 4 Average Corruption 3 | . . . 1 . . 3 . . 3 4 Corruption Purged . | . . . . . . . . . . . Corruption Blocked . | . . . . . . . . . . . Effects 64 | . . . 2 . . 29 . . 27 6 Message Errors 9 | . . . . . . 5 . . 4 . Matter Fused 22 | . . . 1 . . 8 . . 9 4 Heat Flow Errors 3 | . . . . . . . . . 3 . Energy Discharges 9 | . . . 1 . . 4 . . 3 1 Parts Rejected 2 | . . . . . . 1 . . . 1 Data Loss (minor) 8 | . . . . . . 4 . . 4 . Data Loss (major) 2 | . . . . . . 1 . . 1 . Misfires 5 | . . . . . . 3 . . 2 . Alerts 1 | . . . . . . 1 . . . . Weapon Failures 3 | . . . . . . 2 . . 1 . Overload Shots . | . . . . . . . . . . . Overflow Damage 9 | . . . . . . 9 . . . . Projectiles . | . . . . . . . . . . . Explosions . | . . . . . . . . . . . Melee 9 | . . . . . . 9 . . . . Knockbacks 10 | . . . . . . 1 . . 9 . Impact 1 | . . . . . . 1 . . . . Kinetic 9 | . . . . . . . . . 9 . Secondary . | . . . . . . . . . . . Self-Inflicted Damage 37 | . . . . . . . . . 35 2 Shots 2 | . . . . . . . . . 2 . Rammed 14 | . . . 5 1 . 4 . . 3 1 Targets Rammed 18 | . . . 6 1 . 4 . . 6 1 Kicked . | . . . . . . . . . . . Crushed 4 | . . . 1 . . . . . 3 . Highest Temperature 529 | . . . 27 152 99 297 . . 433 529 Average Temperature 111 | . . . 7 59 38 91 . . 157 380 Received Heat Transfer 2696 | . . . 120 162 30 837 . 48 567 932 Effects 27 | . . . . . . 5 . . 12 10 Shutdowns 6 | . . . . . . . . . 2 4 Energy Bleed 4 | . . . . . . 2 . . . 2 Interference 9 | . . . . . . 3 . . 3 3 Matter Decay 3 | . . . . . . . . . 2 1 Short Circuit 1 | . . . . . . . . . 1 . Damage (major) 4 | . . . . . . . . . 4 . Siege Activations . | . . . . . . . . . . . Robots Corrupted . | . . . . . . . . . . . Combat Hostiles . | . . . . . . . . . . . Parts Fried . | . . . . . . . . . . . Impact Corruptions 2 | . . . . . . 2 . . . . Robots Melted 2 | . . . . . . . . . 1 1 Combat Hostiles 2 | . . . . . . . . . 1 1 Parts Melted 6 | . . . . . . 1 . . 5 . Heat Transferred 3713 | . . . . . . . . . 3328 385 Parts Sabotaged . | . . . . . . . . . . . Parts Stolen . | . . . . . . . . . . . Parts Stripped . | . . . . . . . . . . . Power Chain Reactions . | . . . . . . . . . . . Alert | -11 -10 -10 -9 -8 -8 -8 -7 -7 -6 -6 ------- Run | Yrd Mat Min Mat Mat Gar Mat Fac DSF Fac Ext Peak Influence 1162 | . . . 130 391 609 1162 528 384 182 66 Initial 528 | . . . . 18 126 296 528 369 154 46 Average 319 | . . . 37 121 353 678 528 354 94 41 Maximum Alert Level 4 | . . . . 1 2 4 2 1 . . Low Security (%) 50 | 100 100 100 100 80 4 . . . 100 100 Level 1 21 | . . . . 19 60 32 . 100 . . Level 2 12 | . . . . . 34 22 100 . . . Level 3 10 | . . . . . . 31 . . . . Level 4 4 | . . . . . . 14 . . . . Level 5 . | . . . . . . . . . . . High Security . | . . . . . . . . . . . Max Security . | . . . . . . . . . . . Sterilizations 1 | . . . . . . 1 . . . . Squads Dispatched 28 | . 1 . 2 5 . 13 . 1 6 . Investigation 3 | . . . . 1 . 2 . . . . Extermination 3 | . . . . . . . . . 3 . Reinforcement 12 | . 1 . 2 1 . 4 . 1 3 . Assault 4 | . . . . . . 4 . . . . Garrison 6 | . . . . 3 . 3 . . . . Intercept . | . . . . . . . . . . . Searches Triggered . | . . . . . . . . . . . Construction Impeded . | . . . . . . . . . . . Haulers Reinforced 1 | . . . . . . . . . 1 . Active Scanning Responses . | . . . . . . . . . . . Cargo Convoy Interrupts . | . . . . . . . . . . . Stealth | -11 -10 -10 -9 -8 -8 -8 -7 -7 -6 -6 --------- Run | Yrd Mat Min Mat Mat Gar Mat Fac DSF Fac Ext Distress Signals 6 | . . . 2 . . 2 . . 1 1 Communications Jammed . | . . . . . . . . . . . Distress Signals . | . . . . . . . . . . . Times Spotted 139 | . 5 . 17 14 2 66 . 7 20 8 Peak Tracking Total 7 | . 4 . 4 3 1 7 . 7 5 7 Tactical Retreats 1 | . . . . . . 1 . . . . Traps | -11 -10 -10 -9 -8 -8 -8 -7 -7 -6 -6 ------- Run | Yrd Mat Min Mat Mat Gar Mat Fac DSF Fac Ext Traps Triggered 9 | . . 1 2 1 . 2 . 1 2 . Indirectly . | . . . . . . . . . . . Trap Hack Attempts . | . . . . . . . . . . . Triggered . | . . . . . . . . . . . Disarmed . | . . . . . . . . . . . Reprogrammed . | . . . . . . . . . . . Reused . | . . . . . . . . . . . Traps Extracted . | . . . . . . . . . . . Installed . | . . . . . . . . . . . Triggered . | . . . . . . . . . . . Machines | -11 -10 -10 -9 -8 -8 -8 -7 -7 -6 -6 ---------- Run | Yrd Mat Min Mat Mat Gar Mat Fac DSF Fac Ext Machines Disabled 11 | . . . . 1 3 3 . . 4 . Max in Single Turn 4 | . . . . 1 1 1 . . 4 . Garrison Access 1 | . . . . . . . . . 1 . Garrison Relay 3 | . . . . . 3 . . . . . Machines Repaired . | . . . . . . . . . . . Machines Dismantled . | . . . . . . . . . . . Machines Sabotaged . | . . . . . . . . . . . Overloaded Fab Kills . | . . . . . . . . . . . Hacking | -11 -10 -10 -9 -8 -8 -8 -7 -7 -6 -6 --------- Run | Yrd Mat Min Mat Mat Gar Mat Fac DSF Fac Ext Machines Accessed 17 | . . 1 . 2 2 9 1 . 2 . Terminals 10 | . . . . 1 2 5 1 . 1 . Fabricators . | . . . . . . . . . . . Repair Stations 2 | . . . . . . 2 . . . . Recycling Units 1 | . . . . . . 1 . . . . Scanalyzers 1 | . . . . . . 1 . . . . Garrison Access 2 | . . . . 1 . . . . 1 . Total Hacks 28 | . . 1 . 2 2 20 1 . 2 . Successful 19 | . . 1 . 2 1 12 1 . 2 . Failed 9 | . . . . . 1 8 . . . . Catastrophic 1 | . . . . . . 1 . . . . Database Lockouts . | . . . . . . . . . . . Manual 2 | . . . . 1 . 1 . . . . Terminals 12 | . . . . 1 2 7 1 . 1 . Fabricators . | . . . . . . . . . . . Repair Stations 10 | . . . . . . 10 . . . . Recycling Units 1 | . . . . . . 1 . . . . Scanalyzers 2 | . . . . . . 2 . . . . Garrison Access 2 | . . . . 1 . . . . 1 . Terminal Hacks 8 | . . 1 . 1 1 3 1 . 1 . Open Door 2 | . . 1 . . . . . . 1 . Open DSF 1 | . . . . . . . 1 . . . Branch Access Points 1 | . . . . . . 1 . . . . Alert Level 1 | . . . . 1 . . . . . . Locate Traps 2 | . . . . . . 2 . . . . Garrison Registry 1 | . . . . . 1 . . . . . Fabricator Hacks . | . . . . . . . . . . . Repair Station Hacks 7 | . . . . . . 7 . . . . Scan Component 5 | . . . . . . 5 . . . . Repair 2 | . . . . . . 2 . . . . Recycling Unit Hacks . | . . . . . . . . . . . Scanalyzer 2 | . . . . . . 2 . . . . Insert Component 1 | . . . . . . 1 . . . . Analyze 1 | . . . . . . 1 . . . . Garrison Access Hacks 2 | . . . . 1 . . . . 1 . Unlock Access 1 | . . . . 1 . . . . . . Seal Access 1 | . . . . . . . . . 1 . Unauthorized Hacks . | . . . . . . . . . . . Terminals . | . . . . . . . . . . . Fabricators . | . . . . . . . . . . . Repair Stations . | . . . . . . . . . . . Recycling Units . | . . . . . . . . . . . Scanalyzers . | . . . . . . . . . . . Garrison Access . | . . . . . . . . . . . Data Cores Recovered 1 | . . . 1 . . . . . . . Used . | . . . . . . . . . . . Hacking Detections 9 | . . . . . 2 7 . . . . Full Trace Events 1 | . . . . . . 1 . . . . Feedback Events . | . . . . . . . . . . . Feedback Blocked . | . . . . . . . . . . . Robot Schematics Acquired . | . . . . . . . . . . . Robots Built . | . . . . . . . . . . . Authchips . | . . . . . . . . . . . Time . | . . . . . . . . . . . Total Robot Build Rating . | . . . . . . . . . . . Part Schematics Acquired 1 | . . . . . . 1 . . . . Parts Built . | . . . . . . . . . . . Authchips . | . . . . . . . . . . . Time . | . . . . . . . . . . . Total Part Build Rating . | . . . . . . . . . . . Parts Repaired 2 | . . . . . . 2 . . . . Time 124 | . . . . . . 124 . . . . Parts Recycled . | . . . . . . . . . . . Recycled Matter . | . . . . . . . . . . . Retrieved Matter . | . . . . . . . . . . . Retrieved Components . | . . . . . . . . . . . Parts Scanalyzed 1 | . . . . . . 1 . . . . Part Schematics Acquired 1 | . . . . . . 1 . . . . Parts Damaged . | . . . . . . . . . . . Bothacking | -11 -10 -10 -9 -8 -8 -8 -7 -7 -6 -6 ------------ Run | Yrd Mat Min Mat Mat Gar Mat Fac DSF Fac Ext Used RIF Installer 1 | . . . . . 1 . . . . . Robots Hacked . | . . . . . . . . . . . Non-combat . | . . . . . . . . . . . Combat . | . . . . . . . . . . . Robot Hacks Applied . | . . . . . . . . . . . Relay Couplers Released 15 | . . . . . 15 . . . . . Machine Destruction 12 | . . . . . 12 . . . . . Programmers 3 | . . . . . 3 . . . . . Fabnet Peak Effective % . | . . . . . . . . . . . Robots Rewired 4 | . . . . . 4 . . . . . Allies Hacked . | . . . . . . . . . . . Hacks Repelled . | . . . . . . . . . . . Allies | -11 -10 -10 -9 -8 -8 -8 -7 -7 -6 -6 -------- Run | Yrd Mat Min Mat Mat Gar Mat Fac DSF Fac Ext Total Allies 4 | . . . . . 4 . . . . . Largest Group 3 | . . . . . 3 3 . . . . Highest-Rated Group 46 | . . . . . 46 46 . . . . Highest-Rated Ally 21 | . . . . . 21 16 . . . . Total Orders . | . . . . . . . . . . . Ally Attacks 40 | . . . . . 4 36 . . . . Total Damage 526 | . . . . . 99 427 . . . . Kills 7 | . . . . . . 7 . . . . Allies Corrupted . | . . . . . . . . . . . Allies Melted . | . . . . . . . . . . . Intel | -11 -10 -10 -9 -8 -8 -8 -7 -7 -6 -6 ------- Run | Yrd Mat Min Mat Mat Gar Mat Fac DSF Fac Ext Robot Analysis Total . | . . . . . . . . . . . Derelict Logs Recovered . | . . . . . . . . . . . Drone Launches . | . . . . . . . . . . . Drone Recoveries . | . . . . . . . . . . . Exploration | -11 -10 -10 -9 -8 -8 -8 -7 -7 -6 -6 ------------- Run | Yrd Mat Min Mat Mat Gar Mat Fac DSF Fac Ext Turns Passed 7501 | 87 45 98 898 409 989 2506 21 148 2004 296 Spaces Moved 3551 | 53 29 61 446 183 563 1202 12 84 806 112 Core 17 | 5 . . . . . . . . . 12 Treads 3534 | 48 29 61 446 183 563 1202 12 84 806 100 Legs . | . . . . . . . . . . . Wheels . | . . . . . . . . . . . Hover . | . . . . . . . . . . . Flight . | . . . . . . . . . . . Fastest Speed 50 | 50 160 160 160 156 156 150 156 152 158 50 Average Speed 172 | 149 160 160 160 157 159 158 156 156 213 217 Slowest Speed 246 | 160 160 160 160 160 160 232 156 243 246 238 Overloaded Moves . | . . . . . . . . . . . Propulsion Burnouts . | . . . . . . . . . . . Robots Hopped . | . . . . . . . . . . . Cave-ins Triggered . | . . . . . . . . . . . Exploration Rate (%) 34 | 5 11 18 38 14 64 79 . 69 15 27 Regions Visited 10 Branch Regions 2 Pre-discovered Areas . | . . . . . . . . . . . Known Exits Taken 2 | . . . . 1 . . 1 . . . Unknown Exits Taken 6 | 1 1 1 1 . . 1 . . 1 . Scrap Searched . | . . . . . . . . . . . Spaces Dug . | . . . . . . . . . . . Terrain Destroyed 124 | . . . . . . 71 . . 53 . Melee . | . . . . . . . . . . . Projectile . | . . . . . . . . . . . AOE 121 | . . . . . . 68 . . 53 . Terrain Rammed . | . . . . . . . . . . . Walls Destroyed . | . . . . . . . . . . . Machines Disabled . | . . . . . . . . . . . Actions | -11 -10 -10 -9 -8 -8 -8 -7 -7 -6 -6 --------- Run | Yrd Mat Min Mat Mat Gar Mat Fac DSF Fac Ext Total 4381 | 58 28 62 553 256 633 1550 14 108 974 145 Wait 264 | . . . 41 11 8 154 . 2 45 3 Move 3540 | 52 28 60 445 182 561 1201 11 83 805 112 Hop . | . . . . . . . . . . . Pick Up 70 | . . 1 9 10 5 18 . 9 18 . Fast Attach 25 | 6 . . 4 4 3 4 . . 4 . Attach 49 | . . 1 . 3 . 14 3 4 19 5 Detach 9 | . . . 1 1 2 3 . . 2 . Swap 26 | . . . 5 3 1 8 . 2 7 . Drop 44 | . . . 1 11 11 5 . 8 . 8 Fire 311 | . . . 41 30 17 139 . . 68 16 Melee . | . . . . . . . . . . . Ram 1 | . . . . . . . . . . 1 Kick . | . . . . . . . . . . . Crush 17 | . . . 6 1 . 4 . . 6 . Escape Stasis . | . . . . . . . . . . . Rewire 25 | . . . . . 25 . . . . . Trap . | . . . . . . . . . . . Miscellaneous . | . . . . . . . . . . . Route ------- -11/Scrapyard -10/Materials -10/Mines -9/Materials -8/Materials -8/Garrison (discovered 3 exits: *Mat x3) -8/Materials -7/Factory -7/DSF -6/Factory -6/Extension History --------- Turn | Location | Event 10 | -11/Scrapyard | Discovered new exit (range 16) 88 | -11/Scrapyard | Entered Materials 109 | -10/Materials | Discovered new exit (range 14) 133 | -10/Materials | Entered Mines 154 | -10/Mines | Met a Derelict who couldn't figure out how to use a Trap Extractor 215 | -10/Mines | Discovered new exit (range 11) 231 | -10/Mines | Entered Materials 231 | -9/Materials | Evolved 2 slots: Propulsion x2 301 | -9/Materials | Build established: Mutant 1100 | -9/Materials | Discovered new exit (range 10) 1129 | -9/Materials | Entered another Materials area 1129 | -8/Materials | Evolved 2 slots: Utility x1, Weapon x1 1306 | -8/Materials | Garrison activated, responded to threat 1528 | -8/Materials | Identified exit to Garrison 1538 | -8/Materials | Entered Garrison 1538 | -8/Garrison | Discovered recently destroyed garrison 1582 | -8/Garrison | Discovered new exit (range 96) 1582 | -8/Garrison | Discovered new exit (range 71) 1582 | -8/Garrison | Discovered new exit (range 54) 1637 | -8/Garrison | Build established: Gunner 1648 | -8/Garrison | Garrison Relay disabled 2012 | -8/Garrison | Garrison Relay disabled 2264 | -8/Garrison | Installed Relay Interface Framework 2288 | -8/Garrison | Garrison Relay disabled 2527 | -8/Garrison | Entered Materials 2527 | -8/Materials | Accompanied by 3 allies 3593 | -8/Materials | Garrison activated, responded to threat 3656 | -8/Materials | Destroyed 7 combat bots 3727 | -8/Materials | First assault squad dispatched 3814 | -8/Materials | Lost 3 parts (1p1u1w) 3841 | -8/Materials | Build established: Scavenger-Gunner 4225 | -8/Materials | Repaired Broken Imp. Heavy Treads 4312 | -8/Materials | Build established: Gunner 4355 | -8/Materials | Repaired Adv. Treads 4973 | -8/Materials | Discovered new exit (range 15) 4982 | -8/Materials | Sterilization system engaged 4982 | -8/Materials | Non-combat units ordered to evacuate 4983 | -8/Materials | Core integrity fell below 50% 5028 | -8/Materials | Lost 3 parts (1n2w) 5033 | -8/Materials | Entered Factory 5033 | -7/Factory | Evolved 2 slots: Propulsion x1, Utility x1 5052 | -7/Factory | Identified exit to DSF 5054 | -7/Factory | Entered DSF 5098 | -7/DSF | Additional patrols routed to DSF 5178 | -7/DSF | Discovered new exit (range 16) 5202 | -7/DSF | Entered Factory 5202 | -6/Factory | Evolved 2 slots: Utility x1, Weapon x1 5233 | -6/Factory | Lost 9 parts (1p3n2u3w) 5405 | -6/Factory | Build established: Mutant 5836 | -6/Factory | Build established: Gunner 6330 | -6/Factory | Lost 4 parts (1n1u2w) 6413 | -6/Factory | Lost 4 parts (1n3w) 6660 | -6/Factory | Build established: Mutant 6973 | -6/Factory | Discovered new exit (range 5) 7048 | -6/Factory | Build established: Gunner 7206 | -6/Factory | Entered Extension 7440 | -6/Extension | Spotted B-75 Beast 7471 | -6/Extension | Spotted B-75 Beast 7497 | -6/Extension | Core integrity fell below 50% 7499 | -6/Extension | Core integrity fell below 20% 7502 | -6/Extension | Destroyed by B-75 Beast with Magnetic Acceleration Cannon Last Messages --------------- 07477_ Phase Cannon destroyed. 07483_ Slug penetrates B-75 Beast. 07484_ Power failure, Lgt. Fission Core shutdown. 07484_ Overheating: Energy bleed (-12). 07485_ Slug penetrates B-75 Beast. 07491_ Dropped Huge Storage Unit. 07492_ Dropped Med. Treads. 07492_ Dropped Adv. Treads. 07492_ Recoil Stabilizer destroyed. 07493_ Dropped Adv. Treads. 07493_ Dropped Lgt. Fission Core. 07494_ Dropped Matter Filter. 07494_ Dropped Coil Gun. 07495_ Dropped Hrd. Heavy Armor Plating. 07496_ U-05 Engineer builds a Wall. 07496_ Acquired 1 matter. 07498_ Slammed into G-67 Veteran. 07498_ Destabilizing: Core damaged (-25). 07498_ Critical hit (Burn: +37). 07498_ Critical hit (Meltdown: +320). Map ----- +----------------------------------------------------+ | ?????????????????????????????????????????????????? | | ?????????????????????????????????????????????????? | | ?????????????????????????????????????????????????? | | ?????????????????????????????????????????????????? | | ?????????????????????????????????????????????????? | | ?????????????????????????????????????????????????? | | ?????????????????????????????????????????????????? | | ?????????????????????????????????????????????????? | | ?????????????????????????????????????????????????? | | ?????????????????????????????????????????????????? | | ????????????????????????? ???????????????????????? | | ????????????????????????? ???????????????????????? | | ????????????????????????? ???????????????????????? | | ????????????????????????? #??????????????????????? | | ????????????????????????? #??????????????????????? | | ????????????????????????? #??????????????????????? | | ????????????????????????? #??????????????????????? | | ????????????????????????# #??##?##???????????????? | | ??????????????????????### ### ## ### ????????????? | | ??????????????????????#"" "" "" ????????????? | | ??????????????????????# " " " " ??????????? | | ??????????????????????# R #?????????? | | ????#?????????????????# #?????????? | | #####"################# #?????????? | | %! Y u %% ????????? | | %=*=Y g @ ????????? | | %!!!BBBB ????????? | | [!]!!BBBBg R ????????? | | ]kR!R R R ukRk A u?????????? | | ####################### #?????????? | | ?????????##???????????# ??????????? | | ??????????????????????# ??????????? | | ??????????????????????# ??????????? | | ??????????????????????# ???????????? | | ??????????????????????######T#"""#####???????????? | | ????????????????????????????##???????????????????? | | ?????????????????????????????????????????????????? | | | | | | | | | | | | | | | | | | | | | | | | | | | +----------------------------------------------------+ Best States ------------- Heat Dissipation 56 Energy Generation 19 Energy Capacity 315 Matter Stores 544 Matter Capacity 550 Sight Range 16 Terrain Scan Density 10 Armor Coverage 600 Resistance: TH 10 Weapon Cycling 20 Evasion (%) 40 Targeting Accuracy 16 Recoil Reduction 9 Matter Filtering 30 Particle Charging 20 Offensive Hacking 10 Item Schematics ----------------- Adv. Treads | -8/Materials | Scanalyzed Robot Schematics ------------------ None Fabricated ------------ Nothing Alien Tech Used ----------------- None Achievements -------------- None Challenges ------------ None Game ------ Seed MiningWardroneMachine Manual? 0 Play Time 01:01:33 Cumulative 75.0 hours Start 2024.04.09 @ 22:21:45 End 2024.04.09 @ 23:23:23 Sessions 1 Manual Loads 0 Difficulty Rogue Special Mode None Game No. 158 Rogue 158 Adventurer 0 Explorer 0 Win Type - Total 0 Types 0/0/0/0/0/0/0/0/0 Lore% 28 Gallery% 42 Achievement% 32 Wizard Run 0 Options --------- Layout 0 ASCII 0 Keyboard 1 Movement Numpad Keybinds 0 Fullscreen 1 Font 24/Terminus Map View 76x50 Zoom Use 0% Tactical HUD 1 Map Filters NONE Filters NONE Steam 1 RUN: 4e74f59b-8ddd-434c-9776-9a2dcb8b9fdb